AoeStats
← eloycorsob

Black Forest

508679999Analyzed
4v4 RM · 10d ago on Sep 23, 2026· 85m 39s· 8 players
Game mode
Random Map
Map size
Large (8 player)
Population
200
Speed
Normal
Resources
Standard
Victory
Conquest
Starting age
Dark Age
Ending age
Imperial Age
RankedLock teamsTeams togetherTeam positionsShared explorationLock speedFull tech treeHidden civsTurbo modeCheats
Victory
Defeat
🇫🇷 Danes · France
602
+19
588
+20
🇺🇸 Persians · United States
565
+21
🇪🇸 Franks · Spain
527
+22
🇹🇼 Bohemians · Taiwan
716
-22
🇹🇷 Turks · Türkiye
701
-22
🇮🇩 Franks · Indonesia
653
-20
🇮🇳 Bohemians · India
602
-18
Longbowhemian Rhapsody
1:08 Loom
12:24 Feudal Age
16:56 Double-Bit Axe
19:18 Castle Age
19:05 Forging
18:55 Scale Mail Armor
22:18 Horse Collar
30:25 Gold Mining
31:40 Heavy Plow
33:17 Caravan
33:58 Squires
33:45 Arson
33:46 Gambesons
34:19 Pikeman
37:55 Imperial Age
38:33 Iron Casting
38:04 Scale Barding Armor
38:51 Chain Mail Armor
38:27 Fletching
38:37 Padded Archer Armor
39:03 Conscription
38:07 Hamask
39:28 Bow Saw
39:57 Gold Shaft Mining
40:26 Blast Furnace
39:20 Halberdier
40:04 Elite Jomsviking
40:59 Elite Varangian Guard
44:55 Plate Mail Armor
44:47 Chain Barding Armor
44:23 Bodkin Arrow
44:32 Husbandry
45:25 Ballistics
67:52 Bloodlines
70:15 Elite Skirmisher
71:03 Thumb Ring
71:05 Bracer
71:21 Leather Archer Armor
75:25 Wheelbarrow
eloycorsob
2:55 Loom
12:34 Feudal Age
15:04 Wheelbarrow
19:50 Scale Barding Armor
20:02 Forging
23:30 Castle Age
23:27 Stone Mining
23:29 Gold Mining
23:28 Double-Bit Axe
25:57 Husbandry
26:41 Caravan
26:15 Light Cavalry
26:51 Pikeman
28:54 Squires
30:07 Gold Shaft Mining
31:04 Hand Cart
32:37 Bow Saw
37:21 Imperial Age
37:41 Cavalier
38:30 Capped Ram
39:14 Halberdier
42:30 Heavy Mounted Crossbowman
42:34 Cranequins
46:35 Ordonnance Companies
52:42 Elite Throwing Axeman
57:30 Chivalry
59:16 Hoardings
71:34 Chain Barding Armor
71:50 Iron Casting
71:16 Scale Mail Armor
71:08 Fletching
71:18 Padded Archer Armor
70:49 Paladin
77:18 Heavy Scorpion
80:07 Chemistry
79:29 Ballistics
79:17 Siege Engineers
79:23 Masonry
78:54 Treadmill Crane
79:09 Murder Holes
79:25 Fortified Wall
79:06 Guard Tower
79:01 Arrowslits
79:52 Onager
All Along the Watchtower
0:27 Loom
13:17 Feudal Age
14:44 Wheelbarrow
22:09 Double-Bit Axe
22:06 Horse Collar
22:23 Gold Mining
22:42 Stone Mining
26:59 Castle Age
27:56 Hand Cart
27:54 Bow Saw
27:47 Heavy Plow
28:25 Gold Shaft Mining
30:41 Caravan
38:18 Imperial Age
37:09 Pikeman
37:49 Squires
37:14 Elite Skirmisher
39:40 Forging
39:31 Scale Mail Armor
39:36 Scale Barding Armor
41:44 Two-Man Saw
40:13 Halberdier
40:39 Arson
43:45 Iron Casting
43:26 Chain Mail Armor
43:03 Fletching
43:34 Chain Barding Armor
43:14 Padded Archer Armor
44:19 Chemistry
43:40 Ballistics
46:04 Blast Furnace
45:03 Murder Holes
45:16 Siege Engineers
49:12 Bodkin Arrow
49:32 Leather Archer Armor
53:52 Ring Archer Armor
53:23 Bracer
53:59 Plate Barding Armor
59:08 Crossbowman
63:51 Arbalester
74:56 Elite Longbowman
75:58 Yeomen
76:57 Warwolf
77:18 Conscription
76:28 Sappers
77:34 Hoardings
77:21 Elite Longbowman
78:02 Warwolf
78:23 Conscription
79:06 Plate Mail Armor
bt1014
13:19 Feudal Age
17:04 Castle Age
15:15 Double-Bit Axe
18:38 Bow Saw
20:43 Horse Collar
22:40 Gold Mining
26:49 Murder Holes
27:37 Heavy Plow
29:58 Scale Barding Armor
30:05 Forging
32:06 Caravan
33:42 Iron Casting
34:08 Husbandry
34:19 Bloodlines
38:10 Imperial Age
36:12 Ballistics
36:21 Chain Barding Armor
36:38 Fletching
36:50 Padded Archer Armor
37:47 Kamandaran
39:32 Blast Furnace
38:30 Bodkin Arrow
40:22 Crop Rotation
40:37 Plate Barding Armor
40:18 Leather Archer Armor
41:07 Chemistry
40:55 Elite War Elephant
43:02 Crossbowman
44:43 Ring Archer Armor
44:26 Thumb Ring
Dmitry Petrovich
18:19 Loom
20:04 Feudal Age
19:19 Loom
21:05 Feudal Age
23:03 Double-Bit Axe
23:58 Wheelbarrow
23:09 Town Watch
23:10 Horse Collar
23:23 Gold Mining
23:24 Stone Mining
23:57 Fletching
24:08 Padded Archer Armor
24:20 Forging
24:10 Scale Mail Armor
24:15 Scale Barding Armor
27:08 Castle Age
29:51 Hand Cart
29:36 Town Patrol
29:54 Bodkin Arrow
30:14 Leather Archer Armor
31:03 Murder Holes
31:29 Ballistics
30:50 Treadmill Crane
31:20 Masonry
31:27 Husbandry
31:39 Bloodlines
31:34 Caravan
32:07 Coinage
37:06 Imperial Age
37:51 Bracer
38:22 Ring Archer Armor
39:23 Thumb Ring
39:41 Elite Janissary
41:25 Hoardings
42:01 Bow Saw
42:30 Gold Shaft Mining
47:13 Iron Casting
46:54 Chain Mail Armor
A.B.R
1:48 Loom
2:46 Loom
13:11 Feudal Age
14:36 Double-Bit Axe
15:02 Horse Collar
19:47 Wheelbarrow
20:16 Town Watch
23:43 Castle Age
23:53 Pikeman
24:35 Squires
24:20 Arson
24:41 Scale Mail Armor
25:43 Chain Mail Armor
29:34 Wheelbarrow
28:45 Town Watch
30:52 Wagenburg Tactics
31:32 Forging
32:04 Heavy Plow
33:38 Bow Saw
34:00 Hand Cart
34:51 Town Patrol
37:25 Caravan
37:56 Coinage
38:21 Iron Casting
37:47 Padded Archer Armor
37:38 Fletching
41:55 Imperial Age
42:08 Leather Archer Armor
41:49 Bodkin Arrow
43:27 Chemistry
42:49 Ballistics
42:23 Guard Tower
42:44 Siege Engineers
42:37 Halberdier
43:03 Elite Hussite Wagon
44:09 Conscription
44:37 Houfnice
49:18 Plate Mail Armor
49:49 Blast Furnace
48:49 Bracer
49:20 Ring Archer Armor
Test
0:39 Loom
11:19 Feudal Age
18:53 Castle Age
17:14 Double-Bit Axe
22:11 Horse Collar
26:46 Bow Saw
32:50 Imperial Age
31:05 Wheelbarrow
32:05 Hand Cart
33:25 Chemistry
32:46 Ballistics
32:12 Pikeman
34:06 Conscription
33:53 Wagenburg Tactics
34:12 Town Watch
35:34 Two-Man Saw
34:56 Halberdier
35:38 Squires
35:23 Arson
37:57 Scale Mail Armor
38:07 Forging
38:05 Town Patrol
37:42 Houfnice
37:54 Elite Skirmisher
40:32 Chain Mail Armor
40:52 Iron Casting
40:27 Siege Engineers
42:39 Bombard Tower
45:26 Plate Mail Armor
45:56 Blast Furnace
44:57 Padded Archer Armor
45:38 Hussite Reforms
46:57 Fletching
47:08 Padded Archer Armor
47:52 Caravan
48:23 Coinage
48:04 Guilds
48:59 Sanctity
48:46 Bodkin Arrow
51:42 Devotion
52:23 Theocracy
52:00 Fervor
57:48 Banking
57:36 Leather Archer Armor
57:21 Bracer
ari.works
4:09 Loom
14:28 Feudal Age
17:52 Wheelbarrow
17:08 Double-Bit Axe
17:53 Town Watch
22:13 Castle Age
20:52 Stone Mining
21:00 Gold Mining
24:29 Bow Saw
26:49 Gold Shaft Mining
32:29 Hand Cart
32:04 Town Watch
36:50 Imperial Age
33:45 Pikeman
34:19 Elite Skirmisher
34:50 Gambesons
35:07 Squires
34:53 Arson
36:30 Treadmill Crane
36:48 Murder Holes
40:21 Chemistry
40:46 Siege Engineers
41:04 Ballistics
41:22 Cranequins
43:08 Caravan
43:31 Cavalier
44:14 Husbandry
44:07 Heavy Scorpion
45:19 Forging
45:12 Scale Mail Armor
45:13 Padded Archer Armor
45:04 Fletching
45:13 Halberdier
45:59 Paladin
49:47 Chain Mail Armor
50:08 Iron Casting
49:29 Bodkin Arrow
49:50 Leather Archer Armor
51:22 Onager
51:35 Elite Throwing Axeman
53:17 Conscription
55:42 Chivalry
59:25 Fortified Wall
62:02 Blast Furnace
61:10 Scale Barding Armor
65:18 Plate Mail Armor
64:36 Arrowslits
65:10 Heavy Mounted Crossbowman
73:06 Coinage
Connection lost

Rejoining the realm…

Still unreachable

The connection could not be restored.

Session expired

The server has moved on; the page needs a fresh start.